 Dungeon Crawl Stone Soup version 0.15-a0-834-gd31242b (webtiles) character file.

16136 4tharraofdagon the Martial Artist (level 12, -8/64 HPs)
             Began as a Vine Stalker Monk on May 15, 2014.
             Was the Champion of Cheibriados.
             Mangled by a spiny frog (18 damage)
             ... on Level 4 of the Lair of Beasts.
             The game lasted 00:28:26 (4751 turns).

4tharraofdagon the Martial Artist (VSMo)            Turns: 4751, Time: 00:28:27

HP  -8/64        AC  8     Str 28      XL: 12   Next: 34%
MP   0/26        EV 20     Int 25      God: Cheibriados [******]
Gold 325         SH  0     Dex 36      Spells:  0 memorised, 21 levels left

rFire  . . .     SeeInvis .       - Unarmed
rCold  . . .     Clarity  .     F - +3 leather armour {rPois}
rNeg   + . .     Conserve .     (no shield)
rPois  +         rCorr    .     (helmet restricted)
rElec  .         rRot     +     (no cloak)
SustAb . .       Spirit   +     C - +0 pair of gloves (curse)
rMut   .         Warding  .     I - +0 pair of boots
Gourm  .         Stasis   .     (no amulet)
MR     +....                    x - +3,+5 ring of slaying
                                h - ring of positive energy

@: lethally poisoned, very slow, somewhat resistant to hostile enchantments,
very stealthy
A: antennae 1, fangs 3, clumsy 1, deterioration 1, regeneration 3, magic shield,
antimagic bite, no device heal 2
a: Bend Time, Temporal Distortion, Slouch, Step From Time, Renounce Religion


You were on level 4 of the Lair of Beasts.
You worshipped Cheibriados.
Cheibriados was exalted by your worship.
You were not hungry.

You visited 2 branches of the dungeon, and saw 15 of its levels.
You also visited: Sewer.

You collected 598 gold pieces.
You spent 273 gold pieces at shops.

Inventory:

Hand weapons
 w - a +2,+4 battleaxe
Missiles
 J - 22 exploding darts (quivered)
 S - 2 throwing nets
Armour
 o - a +1 robe of cold resistance
 A - the +1 robe "Leeqow" {+Blink Str+3}
   (You found it on level 7 of the Dungeon)

   It affects your strength (+3).
   It lets you blink.
 C - a cursed +0 pair of gloves (worn)
 F - a +3 leather armour of poison resistance (worn)
 I - a +0 pair of boots (worn)
 L - a +1 pair of gloves
 Q - a +2 pair of gloves
Magical devices
 s - a wand of lightning (0)
 D - a wand of polymorph (18)
 G - a wand of draining (2)
 K - a wand of draining (2)
 O - a wand of lightning (1)
Comestibles
 b - 10 bread rations
 d - a rambutan
 g - a snozzcumber
 l - 2 meat rations
 u - 15 cheeses
 B - a banana
 P - 3 beef jerkies
Scrolls
 j - 3 scrolls of enchant weapon I
 k - 4 scrolls of remove curse
 p - 3 scrolls of blinking
 t - 4 scrolls of fear
 v - 6 scrolls of teleportation
 y - a scroll of vulnerability {unknown}
 H - 7 scrolls of identify
 N - 2 scrolls of noise {unknown}
 R - a scroll of acquirement {unknown}
Jewellery
 c - an uncursed ring of wizardry
 h - a ring of positive energy (left hand)
 n - an uncursed ring of ice
 x - a +3,+5 ring of slaying (right hand)
 M - an uncursed ring of protection from cold
Potions
 e - a potion of heal wounds
 f - a potion of confusion
 m - 7 potions of curing
 q - a potion of poison
 r - 2 potions of brilliance
 z - a potion of resistance
 E - a potion of beneficial mutation
 T - a potion of restore abilities {unknown}
Books
 a - the Reference Book on Fetching Summoning
   (You found it on level 9 of the Dungeon)

   Spells                             Type                      Level
   Call Imp                           Summoning                    2
   Inner Flame                        Hexes/Fire                   3
   Confuse                            Hexes                        3
   Summon Lightning Spire             Summoning/Air                4
   Summon Demon                       Summoning                    5
 i - a book of Wizardry

   Spells                             Type                      Level
   Agony                              Necromancy                   5
   Force Lance                        Conjuration                  5
   Dispersal                          Translocation                6
   Haste                              Charms                       6
   Invisibility                       Hexes                        6
   Spellforged Servitor               Conjuration/Summoning        7
 U - a book of Conjurations

   Spells                             Type                      Level
   Magic Dart                         Conjuration                  1
   Searing Ray                        Conjuration                  2
   Dazzling Spray                     Conjuration/Hexes            3
   Fulminant Prism                    Conjuration/Hexes            4
   Iskenderun's Mystic Blast          Conjuration                  4
   Iskenderun's Battlesphere          Conjuration/Charms           5


   Skills:
 + Level 7.7 Fighting
 + Level 6.6 Dodging
 + Level 10.2 Stealth
 * Level 11.5 Unarmed Combat
 - Level 5.1 Spellcasting
 + Level 6.9 Invocations
 - Level 5.1 Evocations


You had 21 spell levels left.
You didn't know any spells.

Dungeon Overview and Level Annotations

Branches:
Dungeon (11/15)            Temple (0/1) D:7             Orc (0/4) D:10
   Lair (4/8) D:8
  Swamp: Lair:3-6    Shoals: Lair:3-6     Snake: Lair:3-6    Spider: Lair:3-6

Altars:
Ashenzari
Cheibriados
Gozag
Kikubaaqudgha
Makhleb
Nemelex Xobeh
Okawaru
Qazlal
Trog
Vehumet
Yredelemnul
The Shining One

Shops:
D:8 (   D:10 [

Annotations:
D:6 Dowan, Duvessa


Innate Abilities, Weirdness & Mutations

You are immune to rotting.
You have razor-sharp teeth.
You regenerate.
When hurt, damage is shared between your health and your magic reserves.
Your bite disrupts and absorbs the magic of your enemies.
Potions and wands cannot restore your health.
You have a pair of small antennae on your head.
You are clumsy. (Dex -2)
Your body is slowly deteriorating.


Message History

The seven-headed hydra bites you!
* * * LOW HITPOINT WARNING * * *
The seven-headed hydra bites you.
* * * LOW HITPOINT WARNING * * *
Unknown command.
Unknown command.
Unknown command.
Use which ability? (? or * to list)
You can feel time thicken for a moment.
You kill the seven-headed hydra!
Cheibriados appreciates the change of pace.
You kill the rat!
Cheibriados appreciates the change of pace.
You feel somewhat more hungry.
You feel sick.
Unknown command.
You closely miss the spiny frog. You bite the spiny frog. You drain its power.
You feel invigorated.
The spiny frog is severely wounded.
The spiny frog stings you!
You die...

#.#....# #.....#
##...## #...)##
#.....# #P...## .
#....P#
.....###....####.
........@.......%.
.........F.....%.
...P.............
..P.#........#..
..P #P......### #
###.%...# ......#
.....# #..


You could see a spiny frog.

Vanquished Creatures
  The ghost of hunterx7d the Bludgeoner, a powerful OgHu of Okawaru (D:10)
  The ghost of Scisco the Conjurer, a powerful DrCj of Cheibriados (Lair:3)
  The ghost of nht the Severer, a powerful MiGl of Qazlal (D:11)
  Harold (Lair:2)
  A hydra (Lair:4)
  Fannar (D:11)
  5 hill giants
  3 spiny frogs
  2 black mambas
  A gargoyle (D:9)
  An item mimic (D:10)
  A komodo dragon (Lair:3)
  A troll (D:10)
  11 yaks
  A deep elf mage (D:10)
  5 hippogriffs
  6 ugly things (D:9)
  A human (D:8)
  A water moccasin (D:6)
  A human zombie (D:11)
  An ice beast (D:9)
  3 ogres
  A sky beast (D:10)
  5 crocodiles
  4 centaurs (D:11)
  A phantom (D:9)
  2 giant slugs
  A big kobold (D:9)
  Blork the orc (D:6)
  3 giant frogs
  3 scorpions
  8 wights
  4 crimson imps
  2 goliath beetles
  2 jellies
  A quasit (D:8)
  12 hounds
  4 iguanas
  A giant frog skeleton (D:6)
  An orc wizard (D:5)
  An orange rat (Sewer)
  5 worker ants
  10 sheep
  A killer bee zombie (D:7)
  A hound zombie (D:11)
  A worker ant zombie (D:5)
  14 adders
  23 green rats
  3 giant mites
  4 shadow imps
  4 worms
  A goliath beetle zombie (D:10)
  The ghost of 4tharraofdagon the Firebug, a weakling DEFE (D:3)
  7 giant geckos
  An ooze (D:6)
  16 orcs
  A bat zombie (D:7)
  2 giant cockroaches (D:3)
  8 hobgoblins
  2 jackals (Lair:1)
  10 kobolds
  9 quokkas
  6 ball pythons
  14 bats
  A giant gecko skeleton (D:6)
  3 giant newts (Sewer)
  10 goblins
  A hobgoblin zombie (D:6)
  An orc skeleton (D:8)
  19 rats
  2 fungi
288 creatures vanquished.

Notes
Turn   | Place    | Note
--------------------------------------------------------------
     0 | D:1      | 4tharraofdagon, the Vine Stalker Monk, began the quest for the Orb.
     0 | D:1      | Reached XP level 1. HP: 11/11 MP: 1/1
   107 | D:1      | Reached XP level 2. HP: 14/16 MP: 3/3
   252 | D:3      | Noticed 4tharraofdagon's ghost (weakling DEFE)
   267 | D:3      | Killed 4tharraofdagon's ghost
   338 | D:3      | Reached XP level 3. HP: 10/19 MP: 1/4
   417 | D:4      | Reached XP level 4. HP: 4/24 MP: 3/5
   434 | D:4      | Found a radiant altar of Vehumet.
   557 | D:4      | Reached skill level 5 in Unarmed Combat
   558 | D:4      | Found a shattered altar of Ashenzari.
   625 | D:3      | Found a snail-covered altar of Cheibriados.
   634 | D:3      | Became a worshipper of Cheibriados the Contemplative
   711 | D:4      | Found a basalt altar of Yredelemnul.
   724 | D:5      | Entered Level 5 of the Dungeon
   725 | D:5      | Reached XP level 5. HP: 28/28 MP: 7/7
   928 | D:5      | Reached skill level 1 in Invocations
   954 | D:5      | Found a bloodstained altar of Trog.
  1013 | D:5      | Gained mutation: You heal very quickly. [vine stalker growth]
  1013 | D:5      | Reached XP level 6. HP: 32/32 MP: 9/9
  1072 | D:6      | Noticed Blork the orc
  1085 | D:6      | Noticed Duvessa
  1085 | D:6      | Killed Blork the orc
  1087 | D:6      | Reached XP level 7. HP: 21/37 MP: 7/10
  1093 | D:6      | Noticed Dowan
  1120 | D:6      | Reached skill level 6 in Unarmed Combat
  1264 | D:6      | Acquired Cheibriados' first power
  1298 | D:6      | Found a glowing drain.
  1313 | Sewer    | Entered a sewer
  1489 | Sewer    | Reached skill level 5 in Stealth
  1599 | Sewer    | Acquired Cheibriados' second power
  1832 | D:7      | Gained mutation: You have razor-sharp teeth. [vine stalker growth]
  1832 | D:7      | Reached XP level 8. HP: 42/42 MP: 14/14
  1875 | D:6      | Noticed a water moccasin
  1882 | D:6      | Killed a water moccasin
  1882 | D:6      | Reached skill level 7 in Unarmed Combat
  1939 | D:7      | Found an opulent altar of Gozag.
  1968 | D:7      | Found a staircase to the Ecumenical Temple.
  1997 | D:7      | Found an iron altar of Okawaru.
  2092 | D:6      | Found a sparkling altar of Nemelex Xobeh.
  2160 | D:7      | Acquired Cheibriados' third power
  2226 | D:8      | Found Psauxkar's Weapon Shop.
  2270 | D:7      | Got a fine robe
  2276 | D:7      | Identified the +1 robe "Leeqow" {+Blink Str+3} (You found it on level 7 of the Dungeon)
  2330 | D:8      | Found a glowing golden altar of the Shining One.
  2369 | D:8      | Found a stormy altar of Qazlal.
  2533 | D:8      | Reached skill level 1 in Spellcasting
  2570 | D:9      | Reached skill level 1 in Evocations
  2603 | D:9      | Reached skill level 5 in Fighting
  2603 | D:9      | Reached XP level 9. HP: 34/47 MP: 18/18
  2687 | D:9      | Reached skill level 8 in Unarmed Combat
  2708 | D:9      | Noticed a gargoyle
  2728 | D:10     | Entered Level 10 of the Dungeon
  2741 | D:10     | Noticed hunterx7d's ghost (powerful OgHu)
  2748 | D:10     | Killed hunterx7d's ghost
  2775 | D:9      | Identified the Reference Book on Fetching Summoning
  2820 | D:9      | Reached XP level 10. HP: 37/52 MP: 20/20
  2828 | D:9      | Reached skill level 5 in Dodging
  2828 | D:9      | Reached skill level 9 in Unarmed Combat
  2866 | D:10     | Gained mutation: You have a pair of small antennae on your head. [mutagenic meat]
  2867 | D:10     | Gained mutation: Your body is slowly deteriorating. [mutagenic meat]
  2868 | D:10     | Gained mutation: You are clumsy. (Dex -2) [mutagenic meat]
  2926 | D:10     | Noticed a hill giant
  2939 | D:10     | Killed a hill giant
  2940 | D:10     | Noticed a hill giant
  2947 | D:10     | Killed a hill giant
  2947 | D:10     | Reached skill level 5 in Invocations
  2970 | D:10     | Noticed a hill giant
  2983 | D:10     | Killed a hill giant
  2984 | D:10     | Found a staircase to the Orcish Mines.
  2986 | D:10     | Found Xoczuro's Armour Boutique.
  3015 | D:10     | Bought a +3 leather armour of poison resistance for 273 gold pieces
  3029 | D:10     | Found a burning altar of Makhleb.
  3087 | D:11     | Noticed nht's ghost (powerful MiGl)
  3208 | D:11     | Noticed a hill giant
  3213 | D:11     | Killed a hill giant
  3239 | D:11     | Identified a +2 pair of boots of running (You found it on level 11 of the Dungeon)
  3292 | D:11     | Killed nht's ghost
  3292 | D:11     | Reached XP level 11. HP: 17/58 MP: 8/24
  3310 | D:11     | Reached skill level 10 in Unarmed Combat
  3311 | D:11     | Noticed Fannar
  3321 | D:11     | Killed Fannar
  3392 | D:11     | Noticed a hill giant
  3399 | D:11     | Killed a hill giant
  3671 | D:9      | Reached skill level 5 in Evocations
  3698 | D:9      | Killed a gargoyle
  3797 | D:8      | Reached skill level 5 in Spellcasting
  3892 | D:8      | Found a staircase to the Lair.
  3900 | Lair:1   | Entered Level 1 of the Lair of Beasts
  4199 | Lair:2   | Noticed Harold
  4262 | Lair:2   | Killed Harold
  4296 | Lair:2   | Noticed an eight-headed hydra
  4382 | Lair:3   | Reached skill level 11 in Unarmed Combat
  4507 | Lair:2   | Gained mutation: You regenerate. [vine stalker growth]
  4507 | Lair:2   | Reached XP level 12. HP: 63/63 MP: 26/26
  4529 | Lair:2   | Reached skill level 10 in Stealth
  4604 | Lair:3   | Found an ancient bone altar of Kikubaaqudgha.
  4606 | Lair:3   | Noticed Scisco's ghost (powerful DrCj)
  4625 | Lair:3   | Killed Scisco's ghost
  4744 | Lair:4   | Noticed a seven-headed hydra
  4750 | Lair:4   | Killed a seven-headed hydra
  4751 | Lair:4   | Mangled by a spiny frog

Action                   |  1- 3 |  4- 6 |  7- 9 | 10-12 || total
-------------------------+-------+-------+-------+-------++-------
Melee: Unarmed           |    69 |    86 |   212 |   260 ||   627
       Battleaxe         |       |       |     1 |       ||     1
Invok: Temporal Distorti |       |       |       |     2 ||     2
       Slouch            |       |       |       |     3 ||     3
Evoke: Wand              |       |     7 |       |    13 ||    20
  Use: Potion            |       |     4 |     1 |     2 ||     7
       Scroll            |       |     1 |    12 |     6 ||    19
 Stab: Sleeping          |       |     4 |    19 |    19 ||    42
       Distracted        |       |       |     1 |     1 ||     2

Vault maps used:
D:1:      dpeg_arrival_orchard, grunt_decor_fettered
D:2:      forest_paths, xom_redecorated, uniq_crazy_yiuf_cottage
D:3:      nicolae_overflow_hidden_temple, overflow_temple_1_default
D:4:      lemuel_coloured_pillars_altar, lemuel_doored_altar, zin_purify,
          fiery_altar_vehumet, serial_shops, kennysheep_mini_moat
D:5:      lightli_temple_of_fire, first_bread
D:6:      old_standard_altar, gup_sewer_entry_bubbles,
          hangedman_minor_gate_pass, uniq_blork_the_orc, uniq_duvessa
D:7:      lemuel_crystal_altar, okawaru_gym_becter,
          minmay_temple_entry_statues_pillars, serial_glass, glass_columns_a,
          glass_columns_c
D:8:      kennysheep_mini, grunt_qazlal_clouds, lair_0_dummy, serial_shops,
          shop, serial_glass, glass_columns_b, glass_columns_b, grunt_livestock
D:10:     orc_david_3, basic_altar
D:11:     uniq_fannar
Lair:1:   serial_bayou_pond_e
Lair:2:   uniq_harold
Lair:3:   basic_altar, hibernation_bobbens, lemuel_strawberry_fields,
          uniq_nergalle
Lair:4:   spider_nest_entry_funnel_web
Sewer:    sewer_co_cracked_pipes
